[ AOE2 MATCH · #490144669 ]
UnrankedBengalis vs Britons
[ REPLAY ANALYSIS · EXTRACTED FROM THE RECORDED GAME ]
Feudal
9:18
Castle
13:02
Imperial
—
| APM avg | 15.4 |
| APM peak | 67 |
| eAPM avg | 8.4 |
| Villagers / military | 27 / 27 |
Focus
⚔️ 26.1% · 🌾 73.9%
Monk ×14 · Spearman ×8 · Armored Elephant ×5
Feudal
11:55
Castle
15:57
Imperial
40:35
| APM avg | 35.3 |
| APM peak | 64 |
| eAPM avg | 20.8 |
| Villagers / military | 186 / 50 |
Focus
⚔️ 18.1% · 🌾 81.9%
Longbowman ×30 · Skirmisher ×16 · Mangonel ×4
Feudal
10:31
Castle
14:02
Imperial
30:24
| APM avg | 48.7 |
| APM peak | 104 |
| eAPM avg | 30.7 |
| Villagers / military | 153 / 142 |
Focus
⚔️ 37.5% · 🌾 62.5%
Fire Lancer ×81 · Unknown (1911) ×73 · Spearman ×49 · Bombard Cannon ×8 · Battering Ram ×4
Feudal
8:30
Castle
26:12
Imperial
38:29
| APM avg | 35.6 |
| APM peak | 83 |
| eAPM avg | 24.1 |
| Villagers / military | 110 / 30 |
Focus
⚔️ 53.9% · 🌾 46.1%
Unknown (882) ×32 · Genoese Crossbowman ×21 · Petard ×3 · Trebuchet (Packed) ×3 · Mangonel ×2 · Spearman ×1
Feudal
10:56
Castle
14:29
Imperial
32:25
| APM avg | 37.0 |
| APM peak | 76 |
| eAPM avg | 15.6 |
| Villagers / military | 129 / 159 |
Focus
⚔️ 32.8% · 🌾 67.2%
Knight ×131 · Scout Cavalry ×23 · Monk ×5
Feudal
10:57
Castle
14:28
Imperial
27:42
| APM avg | 43.7 |
| APM peak | 90 |
| eAPM avg | 28.4 |
| Villagers / military | 141 / 162 |
Focus
⚔️ 37.9% · 🌾 62.1%
Spearman ×94 · Elephant Archer ×55 · Bombard Cannon ×4 · Trebuchet (Packed) ×4 · Monk ×3 · Urumi Swordsman ×2
Feudal
11:50
Castle
18:59
Imperial
42:17
| APM avg | 22.9 |
| APM peak | 46 |
| eAPM avg | 15.2 |
| Villagers / military | 128 / 52 |
Focus
⚔️ 23.9% · 🌾 76.1%
Spearman ×34 · Militia ×10 · Mangonel ×6 · Battering Ram ×2
Feudal
11:00
Castle
15:46
Imperial
29:26
| APM avg | 43.5 |
| APM peak | 89 |
| eAPM avg | 23.3 |
| Villagers / military | 161 / 213 |
Focus
⚔️ 27.9% · 🌾 72.1%
Scout Cavalry ×150 · Obuch ×58 · Monk ×3 · Trebuchet (Packed) ×2
Match map
Initial resources + every placement click. Lines = walls · curves = elevation contours. ◆ gold · ⬟ stone · ● berries · ✦ relic · ◌ wall gap
Your base· ✓ Closed at 13:02 · 0t walls · 2 gate(s)
PocaChota's base· ✓ Closed at 15:57 · 0t walls · 3 gate(s)
EXILE | TurtleS3's base· ✓ Closed at 14:02 · 0t walls · 3 gate(s)
uribeparacohp's base· ✓ Closed at 26:12 · 4t walls · 3 gate(s)
yecjoel's base· ✓ Closed at 14:29 · 0t walls · 2 gate(s)
Cowboy's base· ✓ Closed at 14:28 · 0t walls · 3 gate(s)
MaanWolf5134's base· ✓ Closed at 18:59 · 4t walls · 1 gate(s) · fragile
Heyfai's base· ✓ Closed at 15:46 · 2t walls · 2 gate(s)
Smoothed initial terrain · ◌ = detected wall gap · hover for details
Inputs per minute
— CTM | Crawly94 - - PocaChota
Build order — CTM | Crawly94
108 actions detected in the replay
| 0:00 | Create | Villager (Male) |
| 0:01 | Create | Villager (Male) |
| 0:01 | Create | Villager (Male) |
| 0:02 | Create | Villager (Male) |
| 0:03 | Build | House |
| 0:05 | Build | House |
| 1:36 | Create | Villager (Male) |
| 1:36 | Create | Villager (Male) |
| 1:55 | Create | Villager (Male) |
| 1:55 | Create | Villager (Male) |
| 1:57 | Build | Lumber Camp |
| 2:23 | Create | Villager (Male) |
| 2:52 | Create | Villager (Male) |
| 2:52 | Create | Villager (Male) |
| 3:26 | Build | House |
| 3:39 | Create | Villager (Male) |
| 3:39 | Create | Villager (Male) |
| 4:04 | Create | Villager (Male) |
| 4:15 | Build | Mill |
| 4:59 | Create | Villager (Male) |
| 5:00 | Create | Villager (Male) |
| 5:01 | Create | Villager (Male) |
| 6:07 | Create | Villager (Male) |
| 6:42 | Create | Villager (Male) |
| 7:08 | Research | Feudal Age |
| 7:08 | Research | Feudal Age |
| 7:19 | Build | Mill |
| 7:34 | Create | Villager (Male) |
| 7:35 | Research | Loom |
| 7:43 | Build | House |
| 9:18 | Age | Feudal Age |
| 9:21 | Build | Blacksmith |
| 9:23 | Build | Market |
| 10:22 | Research | Castle Age |
| 10:22 | Research | Castle Age |
| 10:59 | Build | Mining Camp |
| 11:51 | Research | Double-Bit Axe |
| 12:27 | Build | House |
| 12:35 | Create | Villager (Male) |
| 13:02 | Age | Castle Age |
| 13:20 | Build | Monastery |
| 13:25 | Create | Villager (Male) |
| 13:36 | Build | Monastery |
| 13:48 | Build | House |
| 13:51 | Create | Villager (Male) |
| 14:02 | Create | Monk |
| 14:21 | Create | Monk |
| 14:39 | Research | Sanctity |
| 14:54 | Build | Siege Workshop |
| 15:18 | Research | Fervor |
| 15:28 | Research | Town Watch |
| 15:29 | Create | Monk |
| 15:42 | Create | Armored Elephant |
| 15:52 | Build | House |
| 16:05 | Create | Monk |
| 16:06 | Create | Monk |
| 16:35 | Create | Monk |
| 16:44 | Build | Farm |
| 16:44 | Build | Farm |
| 16:45 | Build | Farm |
| 16:45 | Build | Farm |
| 16:45 | Build | Farm |
| 16:45 | Build | Farm |
| 16:46 | Build | Farm |
| 16:46 | Build | Farm |
| 16:46 | Build | Farm |
| 16:46 | Build | Farm |
| 16:52 | Build | Farm |
| 17:03 | Create | Monk |
| 17:27 | Build | House |
| 17:29 | Create | Monk |
| 18:03 | Create | Armored Elephant |
| 18:04 | Create | Armored Elephant |
| 18:09 | Build | Barracks |
| 19:01 | Build | Mining Camp |
| 19:23 | Research | Pikeman (upgrade) |
| 19:24 | Create | Spearman |
| 19:24 | Create | Spearman |
| 19:26 | Create | Spearman |
| 19:46 | Build | Barracks |
| 19:53 | Create | Villager (Male) |
| 19:54 | Create | Villager (Male) |
| 20:30 | Research | Redemption |
| 20:36 | Create | Spearman |
| 20:36 | Create | Spearman |
| 20:45 | Create | Villager (Male) |
| 20:59 | Create | Spearman |
| 21:00 | Create | Spearman |
| 21:00 | Create | Spearman |
| 22:44 | Create | Monk |
| 22:44 | Create | Monk |
| 22:45 | Create | Armored Elephant |
| 22:46 | Create | Armored Elephant |
| 23:08 | Build | Monastery |
| 23:11 | Create | Villager (Male) |
| 23:18 | Build | Farm |
| 23:18 | Build | Farm |
| 23:18 | Build | Farm |
| 23:19 | Build | Farm |
| 23:28 | Build | House |
| 23:29 | Build | House |
| 23:30 | Build | House |
| 23:31 | Build | House |
| 23:33 | Build | House |
| 24:05 | Create | Monk |
| 24:05 | Create | Monk |
| 24:06 | Create | Monk |
| 24:06 | Create | Monk |
Build order — PocaChota
First 150 of 447 actions detected
| 0:02 | Create | Villager (Male) |
| 0:02 | Create | Villager (Male) |
| 0:03 | Build | House |
| 0:08 | Build | House |
| 0:13 | Create | Villager (Male) |
| 0:13 | Create | Villager (Male) |
| 0:14 | Create | Villager (Male) |
| 1:19 | Create | Villager (Male) |
| 1:40 | Create | Villager (Male) |
| 1:40 | Create | Villager (Male) |
| 1:56 | Build | Lumber Camp |
| 2:08 | Create | Villager (Male) |
| 2:08 | Create | Villager (Male) |
| 2:33 | Create | Villager (Male) |
| 2:33 | Create | Villager (Male) |
| 2:33 | Create | Villager (Male) |
| 3:05 | Create | Villager (Male) |
| 3:06 | Create | Villager (Male) |
| 3:25 | Create | Villager (Male) |
| 3:25 | Create | Villager (Male) |
| 3:29 | Build | House |
| 3:31 | Build | House |
| 3:32 | Build | House |
| 3:36 | Create | Villager (Male) |
| 3:36 | Create | Villager (Male) |
| 4:01 | Create | Villager (Male) |
| 4:35 | Create | Villager (Male) |
| 4:35 | Create | Villager (Male) |
| 5:00 | Build | Mill |
| 5:31 | Create | Villager (Male) |
| 5:44 | Build | Mill |
| 6:14 | Create | Villager (Male) |
| 6:32 | Create | Villager (Male) |
| 6:46 | Create | Villager (Male) |
| 7:11 | Create | Villager (Male) |
| 7:18 | Build | House |
| 7:26 | Create | Villager (Male) |
| 7:31 | Build | Mining Camp |
| 7:57 | Create | Villager (Male) |
| 8:18 | Create | Villager (Male) |
| 9:04 | Build | Mining Camp |
| 9:15 | Create | Villager (Male) |
| 9:45 | Research | Feudal Age |
| 9:45 | Research | Feudal Age |
| 11:50 | Build | Farm |
| 11:55 | Age | Feudal Age |
| 11:56 | Create | Villager (Male) |
| 12:05 | Build | Market |
| 12:10 | Build | Blacksmith |
| 12:13 | Create | Villager (Male) |
| 12:49 | Build | Blacksmith |
| 12:51 | Create | Villager (Male) |
| 12:54 | Build | Farm |
| 12:59 | Build | Farm |
| 13:02 | Build | Farm |
| 13:03 | Build | Farm |
| 13:06 | Build | Farm |
| 13:17 | Research | Castle Age |
| 13:17 | Research | Castle Age |
| 13:26 | Research | Double-Bit Axe |
| 13:26 | Research | Double-Bit Axe |
| 13:52 | Research | Horse Collar |
| 14:33 | Build | Outpost |
| 14:41 | Build | Outpost |
| 14:57 | Research | Town Watch |
| 14:57 | Research | Town Watch |
| 15:24 | Build | House |
| 15:26 | Build | House |
| 15:57 | Age | Castle Age |
| 16:08 | Build | Castle |
| 16:09 | Create | Villager (Male) |
| 16:22 | Create | Villager (Male) |
| 16:30 | Build | Siege Workshop |
| 16:49 | Create | Villager (Male) |
| 16:52 | Build | Siege Workshop |
| 16:57 | Build | Siege Workshop |
| 17:02 | Build | Stone Wall |
| 17:20 | Create | Mangonel |
| 17:41 | Research | Loom |
| 17:41 | Research | Loom |
| 18:16 | Create | Longbowman |
| 18:26 | Create | Mangonel |
| 18:28 | Create | Villager (Male) |
| 18:42 | Create | Longbowman |
| 18:57 | Build | Town Center |
| 18:59 | Create | Villager (Male) |
| 19:03 | Research | Bow Saw |
| 19:03 | Research | Bow Saw |
| 19:04 | Create | Longbowman |
| 19:06 | Research | Fletching |
| 19:06 | Research | Fletching |
| 19:36 | Create | Longbowman |
| 19:37 | Create | Villager (Male) |
| 19:52 | Create | Longbowman |
| 20:04 | Research | Bodkin Arrow |
| 20:04 | Research | Bodkin Arrow |
| 20:05 | Create | Longbowman |
| 20:06 | Create | Longbowman |
| 20:21 | Create | Villager (Male) |
| 20:22 | Create | Villager (Male) |
| 20:24 | Create | Longbowman |
| 20:54 | Build | University |
| 20:56 | Create | Villager (Male) |
| 20:58 | Create | Longbowman |
| 21:01 | Create | Mangonel |
| 21:11 | Create | Villager (Male) |
| 21:14 | Create | Longbowman |
| 21:26 | Build | Stone Wall |
| 22:41 | Create | Longbowman |
| 22:44 | Create | Villager (Male) |
| 22:44 | Create | Villager (Male) |
| 22:51 | Create | Longbowman |
| 22:53 | Research | Ballistics |
| 22:53 | Research | Ballistics |
| 22:55 | Build | House |
| 22:55 | Build | House |
| 22:58 | Create | Villager (Male) |
| 23:08 | Create | Longbowman |
| 23:11 | Create | Villager (Male) |
| 23:14 | Create | Longbowman |
| 23:23 | Build | Lumber Camp |
| 23:25 | Create | Longbowman |
| 23:35 | Create | Villager (Male) |
| 23:37 | Create | Longbowman |
| 23:56 | Create | Longbowman |
| 23:56 | Create | Longbowman |
| 23:56 | Create | Longbowman |
| 24:08 | Create | Longbowman |
| 24:08 | Create | Longbowman |
| 24:10 | Create | Villager (Male) |
| 24:14 | Build | House |
| 24:48 | Create | Longbowman |
| 24:49 | Create | Longbowman |
| 24:58 | Create | Villager (Male) |
| 25:08 | Build | Town Center |
| 25:14 | Create | Villager (Male) |
| 25:14 | Create | Villager (Male) |
| 25:15 | Create | Longbowman |
| 25:23 | Build | House |
| 25:24 | Build | House |
| 25:25 | Build | House |
| 25:33 | Create | Villager (Male) |
| 25:40 | Create | Longbowman |
| 25:41 | Create | Villager (Male) |
| 25:43 | Build | Farm |
| 25:56 | Create | Villager (Male) |
| 26:03 | Create | Longbowman |
| 26:11 | Create | Villager (Male) |
| 26:15 | Build | Stone Wall |
| 26:27 | Create | Villager (Male) |
Build order — EXILE | TurtleS3
First 150 of 569 actions detected
| 0:01 | Create | Villager (Male) |
| 0:01 | Create | Villager (Male) |
| 0:03 | Build | House |
| 0:05 | Build | House |
| 0:25 | Create | Villager (Male) |
| 0:26 | Create | Villager (Male) |
| 0:26 | Create | Villager (Male) |
| 1:22 | Create | Villager (Male) |
| 1:22 | Create | Villager (Male) |
| 1:55 | Create | Villager (Male) |
| 1:55 | Create | Villager (Male) |
| 2:14 | Create | Villager (Male) |
| 2:14 | Create | Villager (Male) |
| 2:14 | Create | Villager (Male) |
| 2:33 | Create | Villager (Male) |
| 2:48 | Create | Villager (Male) |
| 3:06 | Build | House |
| 3:07 | Build | House |
| 3:15 | Create | Villager (Male) |
| 3:15 | Create | Villager (Male) |
| 3:45 | Build | Lumber Camp |
| 4:19 | Create | Villager (Male) |
| 4:52 | Create | Villager (Male) |
| 5:21 | Create | Villager (Male) |
| 5:42 | Create | Villager (Male) |
| 6:05 | Create | Villager (Male) |
| 6:30 | Build | Mill |
| 6:38 | Create | Villager (Male) |
| 6:38 | Create | Villager (Male) |
| 7:15 | Build | Mill |
| 7:28 | Create | Villager (Male) |
| 7:46 | Create | Villager (Male) |
| 7:49 | Build | Mining Camp |
| 8:14 | Research | Feudal Age |
| 8:49 | Create | Villager (Male) |
| 10:31 | Age | Feudal Age |
| 10:35 | Build | Market |
| 10:40 | Build | Blacksmith |
| 10:49 | Create | Villager (Male) |
| 11:22 | Research | Castle Age |
| 11:23 | Research | Castle Age |
| 11:23 | Research | Castle Age |
| 11:41 | Build | Lumber Camp |
| 11:52 | Research | Double-Bit Axe |
| 11:52 | Research | Double-Bit Axe |
| 12:48 | Create | Villager (Male) |
| 13:26 | Build | House |
| 13:35 | Research | Horse Collar |
| 14:02 | Age | Castle Age |
| 14:04 | Build | Town Center |
| 14:07 | Build | Town Center |
| 14:15 | Create | Villager (Male) |
| 14:15 | Create | Villager (Male) |
| 14:30 | Build | Farm |
| 14:49 | Build | Farm |
| 14:51 | Create | Villager (Male) |
| 14:53 | Build | Farm |
| 14:55 | Build | Farm |
| 15:05 | Create | Villager (Male) |
| 15:05 | Create | Villager (Male) |
| 15:09 | Create | Villager (Male) |
| 15:12 | Build | Farm |
| 15:17 | Create | Villager (Male) |
| 15:20 | Create | Villager (Male) |
| 15:25 | Build | Farm |
| 15:36 | Create | Villager (Male) |
| 15:36 | Create | Villager (Male) |
| 15:38 | Build | Farm |
| 15:47 | Create | Villager (Male) |
| 15:54 | Build | Farm |
| 16:04 | Create | Villager (Male) |
| 16:05 | Create | Villager (Male) |
| 16:12 | Build | Farm |
| 16:15 | Build | Farm |
| 16:18 | Build | Farm |
| 16:19 | Create | Villager (Male) |
| 16:19 | Create | Villager (Male) |
| 16:25 | Build | Farm |
| 16:27 | Build | Farm |
| 16:31 | Build | House |
| 16:39 | Build | Farm |
| 16:41 | Create | Villager (Male) |
| 16:43 | Create | Villager (Male) |
| 16:49 | Build | Farm |
| 16:50 | Build | House |
| 16:57 | Build | House |
| 17:01 | Create | Villager (Male) |
| 17:01 | Create | Villager (Male) |
| 17:10 | Create | Villager (Male) |
| 17:11 | Create | Villager (Male) |
| 17:16 | Build | Farm |
| 17:18 | Build | Farm |
| 17:19 | Create | Villager (Male) |
| 17:20 | Create | Villager (Male) |
| 17:22 | Build | Farm |
| 17:25 | Create | Villager (Male) |
| 17:25 | Create | Villager (Male) |
| 17:28 | Build | House |
| 17:35 | Build | Mining Camp |
| 17:38 | Build | Mining Camp |
| 17:40 | Create | Villager (Male) |
| 17:40 | Create | Villager (Male) |
| 17:45 | Build | House |
| 17:49 | Create | Villager (Male) |
| 17:49 | Create | Villager (Male) |
| 17:55 | Create | Villager (Male) |
| 17:56 | Create | Villager (Male) |
| 18:05 | Build | Farm |
| 18:09 | Build | Farm |
| 18:11 | Create | Villager (Male) |
| 18:11 | Create | Villager (Male) |
| 18:12 | Create | Villager (Male) |
| 18:21 | Build | House |
| 18:26 | Build | House |
| 18:33 | Create | Villager (Male) |
| 18:33 | Create | Villager (Male) |
| 18:38 | Create | Villager (Male) |
| 18:41 | Build | Farm |
| 18:43 | Build | Farm |
| 18:46 | Build | Farm |
| 18:47 | Create | Villager (Male) |
| 18:54 | Build | Farm |
| 18:57 | Build | Farm |
| 19:00 | Build | Farm |
| 19:03 | Build | Farm |
| 19:05 | Create | Villager (Male) |
| 19:06 | Create | Villager (Male) |
| 19:06 | Create | Villager (Male) |
| 19:09 | Build | House |
| 19:25 | Create | Villager (Male) |
| 19:26 | Create | Villager (Male) |
| 19:35 | Create | Villager (Male) |
| 19:35 | Create | Villager (Male) |
| 19:37 | Build | Town Center |
| 19:46 | Create | Villager (Male) |
| 19:46 | Create | Villager (Male) |
| 19:48 | Build | House |
| 19:53 | Build | House |
| 19:54 | Create | Villager (Male) |
| 19:55 | Create | Villager (Male) |
| 20:05 | Build | Palisade Wall |
| 20:14 | Create | Villager (Male) |
| 20:15 | Create | Villager (Male) |
| 20:22 | Build | Farm |
| 20:25 | Build | Farm |
| 20:27 | Research | Bow Saw |
| 20:40 | Build | Farm |
| 20:41 | Create | Villager (Male) |
| 20:42 | Create | Villager (Male) |
| 20:54 | Research | Wheelbarrow |
Build order — uribeparacohp
First 150 of 279 actions detected
| 0:00 | Create | Villager (Male) |
| 0:00 | Create | Villager (Male) |
| 0:01 | Create | Villager (Male) |
| 0:02 | Build | House |
| 0:04 | Build | House |
| 0:30 | Create | Villager (Male) |
| 1:05 | Build | Mill |
| 1:29 | Create | Villager (Male) |
| 1:29 | Create | Villager (Male) |
| 2:01 | Create | Villager (Male) |
| 2:01 | Create | Villager (Male) |
| 2:24 | Create | Villager (Male) |
| 2:24 | Create | Villager (Male) |
| 2:50 | Create | Villager (Male) |
| 3:14 | Create | Villager (Male) |
| 3:42 | Create | Villager (Male) |
| 3:55 | Build | House |
| 3:59 | Create | Villager (Male) |
| 3:59 | Create | Villager (Male) |
| 4:07 | Build | Lumber Camp |
| 4:29 | Create | Villager (Male) |
| 4:29 | Create | Villager (Male) |
| 4:35 | Create | Villager (Male) |
| 4:55 | Create | Villager (Male) |
| 4:55 | Create | Villager (Male) |
| 5:04 | Research | Loom |
| 6:20 | Research | Feudal Age |
| 6:33 | Create | Villager (Male) |
| 6:50 | Create | Villager (Male) |
| 7:07 | Create | Villager (Male) |
| 7:09 | Build | House |
| 7:10 | Create | Villager (Male) |
| 7:15 | Build | Mining Camp |
| 7:35 | Create | Villager (Male) |
| 7:54 | Create | Villager (Male) |
| 8:14 | Create | Villager (Male) |
| 8:30 | Age | Feudal Age |
| 8:47 | Build | Watch Tower |
| 9:02 | Create | Villager (Male) |
| 9:13 | Build | Blacksmith |
| 9:52 | Create | Villager (Male) |
| 9:57 | Research | Fletching |
| 9:58 | Create | Villager (Male) |
| 10:02 | Build | House |
| 10:04 | Create | Villager (Male) |
| 10:12 | Create | Villager (Male) |
| 10:50 | Build | Watch Tower |
| 11:18 | Build | House |
| 11:42 | Create | Villager (Male) |
| 11:52 | Build | Watch Tower |
| 11:59 | Build | Watch Tower |
| 12:19 | Create | Villager (Male) |
| 12:49 | Build | Mill |
| 13:20 | Create | Villager (Male) |
| 13:51 | Create | Villager (Male) |
| 14:18 | Create | Villager (Male) |
| 14:18 | Create | Villager (Male) |
| 14:28 | Create | Villager (Male) |
| 14:28 | Create | Villager (Male) |
| 14:33 | Build | House |
| 14:57 | Create | Villager (Male) |
| 15:02 | Create | Villager (Male) |
| 15:02 | Create | Villager (Male) |
| 15:23 | Build | Watch Tower |
| 15:33 | Create | Villager (Male) |
| 15:33 | Create | Villager (Male) |
| 15:52 | Build | Watch Tower |
| 15:56 | Create | Villager (Male) |
| 15:56 | Create | Villager (Male) |
| 16:32 | Build | Watch Tower |
| 16:33 | Create | Villager (Male) |
| 17:07 | Build | Watch Tower |
| 17:09 | Create | Villager (Male) |
| 17:14 | Build | House |
| 17:33 | Build | Market |
| 17:34 | Create | Villager (Male) |
| 17:35 | Create | Villager (Male) |
| 17:40 | Build | Farm |
| 17:41 | Build | Farm |
| 17:41 | Build | Farm |
| 17:42 | Build | Farm |
| 17:42 | Build | Farm |
| 17:42 | Build | Farm |
| 17:43 | Build | Farm |
| 18:14 | Create | Villager (Male) |
| 18:14 | Create | Villager (Male) |
| 18:49 | Build | Palisade Wall |
| 18:50 | Build | Palisade Wall |
| 18:53 | Build | Palisade Wall |
| 18:56 | Create | Villager (Male) |
| 18:56 | Create | Villager (Male) |
| 19:01 | Create | Villager (Male) |
| 19:11 | Build | Mining Camp |
| 19:12 | Create | Villager (Male) |
| 20:02 | Build | Watch Tower |
| 20:02 | Create | Villager (Male) |
| 20:16 | Build | House |
| 20:19 | Build | Stone Wall |
| 20:24 | Create | Villager (Male) |
| 20:24 | Create | Villager (Male) |
| 20:38 | Build | House |
| 20:44 | Create | Villager (Male) |
| 20:54 | Create | Villager (Male) |
| 21:03 | Build | Farm |
| 21:04 | Build | Farm |
| 21:04 | Build | Farm |
| 21:04 | Build | Farm |
| 21:09 | Build | Mining Camp |
| 21:30 | Build | House |
| 21:56 | Build | Watch Tower |
| 21:57 | Create | Villager (Male) |
| 22:16 | Build | Watch Tower |
| 22:38 | Create | Villager (Male) |
| 22:49 | Build | Farm |
| 23:32 | Research | Castle Age |
| 24:36 | Build | Watch Tower |
| 25:53 | Build | House |
| 25:54 | Build | House |
| 26:12 | Age | Castle Age |
| 26:52 | Build | Castle |
| 26:56 | Research | Bodkin Arrow |
| 27:22 | Create | Villager (Male) |
| 27:22 | Create | Villager (Male) |
| 27:56 | Create | Villager (Male) |
| 28:00 | Build | Siege Workshop |
| 28:22 | Build | Siege Workshop |
| 28:26 | Create | Villager (Male) |
| 28:26 | Create | Villager (Male) |
| 28:53 | Create | Mangonel |
| 28:59 | Create | Mangonel |
| 29:01 | Build | Stone Wall |
| 29:03 | Build | Stone Wall |
| 29:32 | Create | Villager (Male) |
| 29:47 | Build | Castle |
| 30:04 | Create | Villager (Male) |
| 30:11 | Create | Villager (Male) |
| 30:52 | Create | Villager (Male) |
| 31:09 | Create | Villager (Male) |
| 31:18 | Build | Farm |
| 31:19 | Build | Farm |
| 31:20 | Build | Farm |
| 31:22 | Build | Farm |
| 31:22 | Build | Farm |
| 31:24 | Build | Farm |
| 31:24 | Create | Villager (Male) |
| 31:49 | Create | Genoese Crossbowman |
| 31:50 | Create | Genoese Crossbowman |
| 31:50 | Create | Genoese Crossbowman |
| 31:50 | Create | Genoese Crossbowman |
| 31:50 | Create | Genoese Crossbowman |
Build order — yecjoel
First 150 of 381 actions detected
| 0:01 | Create | Villager (Male) |
| 0:01 | Create | Villager (Male) |
| 0:03 | Build | House |
| 0:17 | Create | Villager (Male) |
| 0:18 | Create | Villager (Male) |
| 0:22 | Create | Villager (Male) |
| 0:22 | Create | Villager (Male) |
| 0:24 | Build | House |
| 0:28 | Build | House |
| 1:42 | Create | Villager (Male) |
| 1:42 | Create | Villager (Male) |
| 1:58 | Create | Villager (Male) |
| 1:59 | Create | Villager (Male) |
| 2:13 | Build | Lumber Camp |
| 2:34 | Create | Villager (Male) |
| 2:34 | Create | Villager (Male) |
| 2:34 | Create | Villager (Male) |
| 2:58 | Create | Villager (Male) |
| 2:58 | Create | Villager (Male) |
| 3:35 | Create | Villager (Male) |
| 3:37 | Build | House |
| 4:01 | Create | Villager (Male) |
| 4:01 | Create | Villager (Male) |
| 4:16 | Build | Mill |
| 4:32 | Build | House |
| 5:03 | Create | Villager (Male) |
| 5:03 | Create | Villager (Male) |
| 5:09 | Create | Villager (Male) |
| 5:10 | Create | Villager (Male) |
| 5:28 | Create | Villager (Male) |
| 5:55 | Build | Mill |
| 5:59 | Create | Villager (Male) |
| 6:44 | Create | Villager (Male) |
| 6:44 | Create | Villager (Male) |
| 7:06 | Create | Villager (Male) |
| 8:00 | Build | Mining Camp |
| 8:12 | Create | Villager (Male) |
| 8:43 | Research | Feudal Age |
| 9:44 | Create | Villager (Male) |
| 9:45 | Create | Villager (Male) |
| 9:50 | Build | House |
| 9:55 | Build | House |
| 10:47 | Create | Villager (Male) |
| 10:56 | Age | Feudal Age |
| 10:58 | Build | Market |
| 11:01 | Build | Blacksmith |
| 11:49 | Research | Castle Age |
| 11:50 | Research | Castle Age |
| 12:06 | Research | Double-Bit Axe |
| 12:06 | Research | Double-Bit Axe |
| 12:08 | Research | Horse Collar |
| 12:13 | Build | Farm |
| 12:16 | Build | Farm |
| 12:19 | Build | Farm |
| 12:23 | Build | Farm |
| 13:09 | Create | Villager (Male) |
| 14:12 | Create | Villager (Male) |
| 14:29 | Age | Castle Age |
| 14:34 | Build | Town Center |
| 14:38 | Build | Monastery |
| 14:41 | Research | Bow Saw |
| 15:06 | Research | Heavy Plow |
| 15:06 | Research | Heavy Plow |
| 15:07 | Create | Villager (Male) |
| 15:12 | Create | Monk |
| 15:17 | Build | House |
| 15:23 | Build | House |
| 15:31 | Create | Villager (Male) |
| 15:47 | Create | Villager (Male) |
| 15:56 | Create | Villager (Male) |
| 16:03 | Build | House |
| 16:04 | Create | Villager (Male) |
| 16:04 | Create | Villager (Male) |
| 16:11 | Build | Farm |
| 16:14 | Build | Farm |
| 16:20 | Create | Villager (Male) |
| 16:28 | Create | Monk |
| 16:28 | Create | Villager (Male) |
| 16:35 | Build | Barracks |
| 16:40 | Create | Villager (Male) |
| 16:41 | Create | Villager (Male) |
| 17:02 | Create | Monk |
| 17:29 | Create | Villager (Male) |
| 17:32 | Create | Villager (Male) |
| 17:47 | Build | Farm |
| 17:55 | Build | Stable |
| 17:58 | Create | Villager (Male) |
| 17:59 | Create | Villager (Male) |
| 18:03 | Build | Stable |
| 18:10 | Build | Farm |
| 18:12 | Build | Farm |
| 18:15 | Build | Farm |
| 18:18 | Build | Farm |
| 18:19 | Create | Villager (Male) |
| 18:21 | Build | Farm |
| 18:24 | Build | Farm |
| 18:27 | Build | Farm |
| 18:29 | Create | Villager (Male) |
| 18:29 | Create | Villager (Male) |
| 18:54 | Build | Stable |
| 18:56 | Create | Villager (Male) |
| 18:56 | Create | Villager (Male) |
| 19:02 | Build | Farm |
| 19:04 | Build | Farm |
| 19:09 | Build | Mining Camp |
| 19:13 | Create | Villager (Male) |
| 19:13 | Create | Villager (Male) |
| 19:17 | Build | House |
| 19:19 | Build | House |
| 19:26 | Create | Villager (Male) |
| 19:27 | Create | Villager (Male) |
| 19:34 | Build | Farm |
| 19:38 | Build | Farm |
| 19:41 | Build | Farm |
| 19:43 | Create | Knight |
| 19:44 | Create | Knight |
| 19:44 | Create | Knight |
| 19:59 | Build | House |
| 20:02 | Build | House |
| 20:12 | Research | Bloodlines |
| 20:13 | Create | Villager (Male) |
| 20:14 | Create | Villager (Male) |
| 20:19 | Build | Farm |
| 20:21 | Build | Farm |
| 20:27 | Build | House |
| 20:32 | Build | Farm |
| 20:46 | Create | Villager (Male) |
| 20:49 | Build | Farm |
| 20:52 | Build | Farm |
| 20:56 | Build | Farm |
| 20:57 | Create | Knight |
| 20:58 | Create | Knight |
| 20:58 | Create | Knight |
| 21:04 | Build | Farm |
| 21:07 | Build | Farm |
| 21:22 | Create | Knight |
| 21:23 | Create | Knight |
| 21:23 | Create | Knight |
| 21:48 | Research | Husbandry |
| 21:51 | Create | Villager (Male) |
| 21:51 | Create | Villager (Male) |
| 21:53 | Create | Villager (Male) |
| 21:57 | Build | House |
| 22:00 | Build | Farm |
| 22:04 | Build | Farm |
| 22:23 | Research | Scale Barding Armor |
| 22:24 | Create | Villager (Male) |
| 22:24 | Create | Villager (Male) |
| 22:27 | Research | Forging |
| 22:28 | Create | Villager (Male) |
Build order — Cowboy
First 150 of 477 actions detected
| 0:02 | Create | Villager (Male) |
| 0:02 | Create | Villager (Male) |
| 0:02 | Create | Villager (Male) |
| 0:03 | Build | House |
| 0:04 | Build | House |
| 0:08 | Create | Villager (Male) |
| 1:23 | Create | Villager (Male) |
| 1:46 | Build | Lumber Camp |
| 1:49 | Create | Villager (Male) |
| 1:49 | Create | Villager (Male) |
| 2:25 | Create | Villager (Male) |
| 2:53 | Create | Villager (Male) |
| 2:53 | Create | Villager (Male) |
| 2:53 | Create | Villager (Male) |
| 3:25 | Build | House |
| 3:26 | Build | House |
| 3:29 | Build | House |
| 3:32 | Create | Villager (Male) |
| 3:32 | Create | Villager (Male) |
| 4:08 | Create | Villager (Male) |
| 4:24 | Create | Villager (Male) |
| 4:59 | Create | Villager (Male) |
| 5:08 | Create | Villager (Male) |
| 5:09 | Create | Villager (Male) |
| 5:09 | Create | Villager (Male) |
| 5:11 | Build | Mill |
| 5:43 | Create | Villager (Male) |
| 5:51 | Create | Villager (Male) |
| 6:49 | Build | Mill |
| 6:53 | Create | Villager (Male) |
| 7:08 | Build | Farm |
| 7:28 | Create | Villager (Male) |
| 7:48 | Create | Villager (Male) |
| 7:59 | Build | Mining Camp |
| 8:01 | Create | Villager (Male) |
| 8:27 | Research | Feudal Age |
| 8:27 | Research | Feudal Age |
| 10:29 | Create | Villager (Male) |
| 10:29 | Create | Villager (Male) |
| 10:57 | Age | Feudal Age |
| 11:05 | Build | Market |
| 11:07 | Build | Blacksmith |
| 11:48 | Research | Castle Age |
| 11:49 | Research | Castle Age |
| 11:50 | Research | Double-Bit Axe |
| 12:03 | Research | Horse Collar |
| 12:03 | Research | Horse Collar |
| 12:05 | Build | Farm |
| 12:07 | Build | Farm |
| 12:10 | Build | Farm |
| 12:19 | Build | Farm |
| 12:34 | Build | House |
| 13:59 | Create | Villager (Male) |
| 14:28 | Age | Castle Age |
| 14:30 | Build | Town Center |
| 14:33 | Build | Town Center |
| 14:39 | Research | Bow Saw |
| 14:52 | Create | Villager (Male) |
| 14:58 | Create | Villager (Male) |
| 15:00 | Build | Farm |
| 15:03 | Build | Farm |
| 15:06 | Build | Farm |
| 15:13 | Create | Villager (Male) |
| 15:18 | Build | Farm |
| 15:26 | Build | Farm |
| 15:32 | Create | Villager (Male) |
| 15:32 | Create | Villager (Male) |
| 15:48 | Create | Villager (Male) |
| 15:48 | Create | Villager (Male) |
| 15:56 | Create | Villager (Male) |
| 15:57 | Create | Villager (Male) |
| 16:09 | Create | Villager (Male) |
| 16:10 | Build | Farm |
| 16:13 | Build | Farm |
| 16:15 | Create | Villager (Male) |
| 16:18 | Create | Villager (Male) |
| 16:25 | Create | Villager (Male) |
| 16:27 | Build | Farm |
| 16:29 | Build | Farm |
| 16:42 | Create | Villager (Male) |
| 16:44 | Build | Farm |
| 16:45 | Create | Villager (Male) |
| 16:53 | Build | House |
| 16:56 | Create | Villager (Male) |
| 16:56 | Create | Villager (Male) |
| 17:03 | Build | Farm |
| 17:06 | Build | Farm |
| 17:13 | Create | Villager (Male) |
| 17:15 | Build | Farm |
| 17:16 | Create | Villager (Male) |
| 17:29 | Build | Farm |
| 17:30 | Create | Villager (Male) |
| 17:35 | Build | House |
| 17:37 | Build | House |
| 17:37 | Create | Villager (Male) |
| 17:56 | Create | Villager (Male) |
| 17:58 | Build | Farm |
| 17:59 | Create | Villager (Male) |
| 18:04 | Create | Villager (Male) |
| 18:07 | Build | Town Center |
| 18:19 | Build | Farm |
| 18:28 | Create | Villager (Male) |
| 18:43 | Create | Villager (Male) |
| 18:45 | Build | House |
| 18:46 | Build | House |
| 18:47 | Create | Villager (Male) |
| 18:48 | Create | Villager (Male) |
| 18:51 | Build | Farm |
| 18:52 | Create | Villager (Male) |
| 18:57 | Create | Villager (Male) |
| 19:07 | Create | Villager (Male) |
| 19:09 | Build | Farm |
| 19:32 | Create | Villager (Male) |
| 19:32 | Create | Villager (Male) |
| 19:35 | Create | Villager (Male) |
| 19:37 | Build | Farm |
| 19:37 | Build | Farm |
| 19:38 | Build | Farm |
| 19:38 | Build | Farm |
| 19:38 | Build | Farm |
| 19:45 | Build | Farm |
| 19:48 | Build | Monastery |
| 19:51 | Research | Wheelbarrow |
| 19:53 | Build | Farm |
| 19:54 | Build | Farm |
| 19:58 | Create | Villager (Male) |
| 20:00 | Build | Farm |
| 20:05 | Create | Villager (Male) |
| 20:11 | Build | Farm |
| 20:15 | Build | House |
| 20:15 | Build | House |
| 20:16 | Build | House |
| 20:19 | Create | Villager (Male) |
| 20:25 | Create | Villager (Male) |
| 20:25 | Create | Villager (Male) |
| 20:31 | Build | Farm |
| 20:32 | Build | Farm |
| 20:34 | Create | Villager (Male) |
| 20:36 | Create | Monk |
| 20:40 | Create | Villager (Male) |
| 20:41 | Build | Farm |
| 20:43 | Create | Villager (Male) |
| 20:53 | Create | Villager (Male) |
| 20:53 | Create | Villager (Male) |
| 20:56 | Create | Villager (Male) |
| 21:00 | Build | Barracks |
| 21:02 | Build | House |
| 21:03 | Build | House |
| 21:04 | Create | Villager (Male) |
| 21:06 | Create | Villager (Male) |
Build order — MaanWolf5134
First 150 of 294 actions detected
| 0:01 | Create | Villager (Male) |
| 0:02 | Build | House |
| 0:03 | Build | House |
| 0:17 | Create | Villager (Male) |
| 0:17 | Create | Villager (Male) |
| 0:17 | Create | Villager (Male) |
| 0:17 | Create | Villager (Male) |
| 1:29 | Create | Villager (Male) |
| 1:51 | Create | Villager (Male) |
| 2:27 | Create | Villager (Male) |
| 2:27 | Create | Villager (Male) |
| 2:37 | Build | Lumber Camp |
| 2:53 | Create | Villager (Male) |
| 2:54 | Create | Villager (Male) |
| 3:26 | Build | House |
| 3:52 | Create | Villager (Male) |
| 3:52 | Create | Villager (Male) |
| 3:52 | Create | Villager (Male) |
| 4:16 | Create | Villager (Male) |
| 4:16 | Create | Villager (Male) |
| 4:33 | Create | Villager (Male) |
| 4:33 | Create | Villager (Male) |
| 4:33 | Create | Villager (Male) |
| 5:30 | Create | Villager (Male) |
| 5:30 | Create | Villager (Male) |
| 5:45 | Create | Villager (Male) |
| 5:45 | Create | Villager (Male) |
| 5:45 | Create | Villager (Male) |
| 6:00 | Create | Villager (Male) |
| 6:20 | Build | House |
| 6:35 | Build | Mill |
| 6:52 | Create | Villager (Male) |
| 7:01 | Build | Mill |
| 7:27 | Create | Villager (Male) |
| 7:27 | Create | Villager (Male) |
| 8:00 | Build | House |
| 8:04 | Create | Villager (Male) |
| 8:09 | Build | Mining Camp |
| 9:03 | Create | Villager (Male) |
| 9:12 | Create | Villager (Male) |
| 9:44 | Build | Barracks |
| 9:52 | Research | Feudal Age |
| 9:55 | Research | Loom |
| 9:58 | Research | Loom |
| 9:58 | Research | Feudal Age |
| 10:28 | Create | Villager (Male) |
| 10:28 | Create | Villager (Male) |
| 11:09 | Build | House |
| 11:15 | Create | Villager (Male) |
| 11:18 | Build | House |
| 11:25 | Build | Palisade Wall |
| 11:46 | Create | Villager (Male) |
| 11:50 | Age | Feudal Age |
| 11:55 | Build | Watch Tower |
| 12:07 | Build | Watch Tower |
| 12:26 | Create | Villager (Male) |
| 12:32 | Build | Blacksmith |
| 13:36 | Create | Villager (Male) |
| 13:39 | Create | Villager (Male) |
| 13:49 | Build | Farm |
| 13:51 | Build | Farm |
| 13:59 | Research | Fletching |
| 14:20 | Build | Farm |
| 14:54 | Build | House |
| 15:33 | Build | Lumber Camp |
| 15:38 | Create | Villager (Male) |
| 16:08 | Create | Villager (Male) |
| 16:48 | Build | Market |
| 16:54 | Create | Villager (Male) |
| 17:23 | Research | Castle Age |
| 17:23 | Research | Castle Age |
| 17:39 | Build | Watch Tower |
| 18:59 | Age | Castle Age |
| 19:01 | Build | Siege Workshop |
| 19:16 | Build | Town Center |
| 19:23 | Create | Battering Ram |
| 19:23 | Create | Battering Ram |
| 19:49 | Build | Farm |
| 19:50 | Build | Farm |
| 20:13 | Create | Mangonel |
| 20:13 | Create | Mangonel |
| 20:40 | Build | Farm |
| 20:40 | Build | Farm |
| 20:40 | Build | Farm |
| 20:40 | Build | Farm |
| 20:41 | Build | Farm |
| 20:41 | Build | Farm |
| 21:20 | Create | Villager (Male) |
| 21:44 | Build | Farm |
| 21:44 | Build | Farm |
| 21:46 | Build | Farm |
| 21:47 | Build | Farm |
| 21:48 | Build | Farm |
| 21:48 | Build | Farm |
| 21:48 | Build | Farm |
| 21:48 | Build | Farm |
| 21:49 | Build | Farm |
| 21:59 | Create | Villager (Male) |
| 22:28 | Create | Villager (Male) |
| 22:57 | Create | Villager (Male) |
| 22:58 | Create | Villager (Male) |
| 23:36 | Create | Mangonel |
| 23:37 | Create | Mangonel |
| 25:25 | Create | Villager (Male) |
| 25:25 | Create | Villager (Male) |
| 25:32 | Create | Mangonel |
| 25:32 | Create | Mangonel |
| 26:01 | Create | Villager (Male) |
| 26:02 | Create | Villager (Male) |
| 26:02 | Create | Villager (Male) |
| 26:49 | Build | Farm |
| 27:25 | Create | Villager (Male) |
| 27:26 | Create | Villager (Male) |
| 27:29 | Build | Mill |
| 27:30 | Build | Farm |
| 27:31 | Build | Farm |
| 27:31 | Build | Farm |
| 27:31 | Build | Farm |
| 27:31 | Build | Farm |
| 27:31 | Build | Farm |
| 27:47 | Create | Villager (Male) |
| 28:10 | Build | Barracks |
| 28:28 | Create | Villager (Male) |
| 28:28 | Create | Villager (Male) |
| 28:29 | Create | Villager (Male) |
| 28:29 | Create | Villager (Male) |
| 28:52 | Build | Farm |
| 28:59 | Build | House |
| 29:01 | Build | House |
| 29:24 | Research | Wheelbarrow |
| 29:34 | Create | Villager (Male) |
| 29:34 | Create | Villager (Male) |
| 29:34 | Create | Villager (Male) |
| 29:34 | Create | Villager (Male) |
| 29:35 | Create | Villager (Male) |
| 29:35 | Create | Villager (Male) |
| 29:50 | Create | Spearman |
| 29:50 | Create | Spearman |
| 30:33 | Create | Villager (Male) |
| 30:34 | Create | Villager (Male) |
| 30:34 | Create | Villager (Male) |
| 30:34 | Create | Villager (Male) |
| 30:34 | Create | Villager (Male) |
| 30:34 | Create | Villager (Male) |
| 30:35 | Create | Villager (Male) |
| 30:39 | Build | House |
| 30:40 | Build | House |
| 30:41 | Build | House |
| 30:41 | Build | House |
| 30:44 | Build | House |
Build order — Heyfai
First 150 of 535 actions detected
| 0:01 | Create | Villager (Male) |
| 0:02 | Create | Villager (Male) |
| 0:03 | Build | House |
| 0:04 | Build | House |
| 0:20 | Create | Villager (Male) |
| 0:20 | Create | Villager (Male) |
| 1:27 | Create | Villager (Male) |
| 1:46 | Build | Lumber Camp |
| 1:49 | Create | Villager (Male) |
| 2:24 | Create | Villager (Male) |
| 2:24 | Create | Villager (Male) |
| 2:52 | Create | Villager (Male) |
| 2:52 | Create | Villager (Male) |
| 3:34 | Build | Mill |
| 3:36 | Create | Villager (Male) |
| 4:01 | Create | Villager (Male) |
| 4:19 | Create | Villager (Male) |
| 4:19 | Create | Villager (Male) |
| 4:52 | Create | Villager (Male) |
| 4:52 | Create | Villager (Male) |
| 5:11 | Create | Villager (Male) |
| 5:46 | Build | Mill |
| 5:50 | Create | Villager (Male) |
| 5:50 | Create | Villager (Male) |
| 5:53 | Create | Villager (Male) |
| 6:17 | Create | Villager (Male) |
| 6:53 | Create | Villager (Male) |
| 7:00 | Build | Mining Camp |
| 7:24 | Create | Villager (Male) |
| 8:12 | Build | House |
| 8:25 | Create | Villager (Male) |
| 8:35 | Research | Feudal Age |
| 9:12 | Build | Barracks |
| 10:19 | Create | Villager (Male) |
| 10:31 | Build | House |
| 10:43 | Build | House |
| 10:48 | Build | House |
| 11:00 | Age | Feudal Age |
| 11:03 | Create | Villager (Male) |
| 11:17 | Research | Loom |
| 11:17 | Research | Loom |
| 11:25 | Build | Palisade Wall |
| 11:27 | Build | Palisade Wall |
| 11:32 | Create | Villager (Male) |
| 11:34 | Build | Stable |
| 11:55 | Create | Villager (Male) |
| 12:10 | Build | Blacksmith |
| 12:21 | Create | Villager (Male) |
| 12:36 | Research | Double-Bit Axe |
| 12:36 | Research | Double-Bit Axe |
| 12:43 | Build | House |
| 12:44 | Create | Villager (Male) |
| 12:50 | Research | Castle Age |
| 12:50 | Research | Castle Age |
| 12:50 | Research | Castle Age |
| 12:55 | Create | Scout Cavalry |
| 13:04 | Research | Horse Collar |
| 13:20 | Build | Farm |
| 13:29 | Build | Farm |
| 13:29 | Create | Scout Cavalry |
| 13:38 | Build | Farm |
| 13:45 | Build | Farm |
| 14:00 | Build | Farm |
| 14:02 | Create | Scout Cavalry |
| 14:26 | Build | Farm |
| 14:27 | Build | Farm |
| 14:27 | Build | Farm |
| 14:27 | Build | Farm |
| 14:27 | Build | Farm |
| 14:28 | Build | Farm |
| 14:29 | Build | Farm |
| 14:29 | Build | Farm |
| 14:51 | Create | Scout Cavalry |
| 14:54 | Create | Villager (Male) |
| 15:12 | Create | Villager (Male) |
| 15:23 | Build | Farm |
| 15:24 | Build | Farm |
| 15:26 | Create | Scout Cavalry |
| 15:29 | Build | Farm |
| 15:46 | Age | Castle Age |
| 15:50 | Build | Monastery |
| 15:57 | Create | Villager (Male) |
| 16:12 | Create | Villager (Male) |
| 16:15 | Build | Town Center |
| 16:20 | Create | Monk |
| 16:21 | Create | Monk |
| 16:47 | Create | Villager (Male) |
| 16:58 | Build | Mill |
| 17:04 | Create | Villager (Male) |
| 17:11 | Create | Villager (Male) |
| 17:23 | Create | Villager (Male) |
| 17:25 | Create | Scout Cavalry |
| 17:28 | Create | Villager (Male) |
| 17:37 | Build | Farm |
| 17:38 | Build | Farm |
| 17:46 | Create | Villager (Male) |
| 18:00 | Create | Villager (Male) |
| 18:06 | Create | Villager (Male) |
| 18:13 | Build | Town Center |
| 18:14 | Create | Villager (Male) |
| 18:21 | Create | Villager (Male) |
| 18:35 | Create | Villager (Male) |
| 18:57 | Create | Villager (Male) |
| 19:09 | Create | Villager (Male) |
| 19:10 | Create | Villager (Male) |
| 19:14 | Build | House |
| 19:14 | Build | House |
| 19:15 | Build | House |
| 19:15 | Build | House |
| 19:15 | Build | House |
| 19:16 | Research | Wheelbarrow |
| 19:17 | Research | Wheelbarrow |
| 19:34 | Create | Villager (Male) |
| 19:51 | Build | Farm |
| 19:51 | Build | Farm |
| 19:51 | Build | Farm |
| 19:52 | Build | Farm |
| 19:57 | Create | Villager (Male) |
| 19:58 | Create | Villager (Male) |
| 20:00 | Research | Bow Saw |
| 20:00 | Research | Bow Saw |
| 20:04 | Build | Farm |
| 20:06 | Build | Farm |
| 20:06 | Build | Farm |
| 20:07 | Build | Farm |
| 20:07 | Build | Farm |
| 20:08 | Build | Farm |
| 20:11 | Create | Villager (Male) |
| 20:29 | Create | Villager (Male) |
| 20:32 | Research | Light Cavalry (upgrade) |
| 20:45 | Create | Villager (Male) |
| 20:46 | Research | Forging |
| 20:54 | Build | Mill |
| 20:55 | Build | Farm |
| 21:00 | Build | Farm |
| 21:02 | Build | Mill |
| 21:03 | Build | Farm |
| 21:03 | Build | Farm |
| 21:04 | Create | Villager (Male) |
| 21:04 | Create | Villager (Male) |
| 21:13 | Create | Scout Cavalry |
| 21:15 | Create | Villager (Male) |
| 21:21 | Create | Villager (Male) |
| 21:31 | Create | Scout Cavalry |
| 21:48 | Create | Villager (Male) |
| 22:12 | Create | Villager (Male) |
| 22:14 | Build | Farm |
| 22:16 | Build | Farm |
| 22:16 | Build | Farm |
| 22:17 | Create | Villager (Male) |
Match timeline
| 8:30 | uribeparacohp · age_up feudal |
| 9:12 | Heyfai · first_building Barracks |
| 9:18 | CTM | Crawly94 · age_up feudal |
| 9:44 | MaanWolf5134 · first_building Barracks |
| 10:10 | CTM | Crawly94 · first_market_sell 100 stone |
| 10:31 | EXILE | TurtleS3 · age_up feudal |
| 10:56 | yecjoel · age_up feudal |
| 10:57 | Cowboy · age_up feudal |
| 11:00 | Heyfai · age_up feudal |
| 11:25 | MaanWolf5134 · wall_segment Palisade Wall x4 |
| 11:25 | Heyfai · wall_segment Palisade Wall x1 |
| 11:27 | Heyfai · wall_segment Palisade Wall x1 |
| 11:34 | Heyfai · first_building Stable |
| 11:50 | MaanWolf5134 · age_up feudal |
| 11:55 | PocaChota · age_up feudal |
| 13:02 | CTM | Crawly94 · age_up castle |
| 13:20 | CTM | Crawly94 · first_building Monastery |
| 14:02 | EXILE | TurtleS3 · age_up castle |
| 14:28 | Cowboy · age_up castle |
| 14:29 | yecjoel · age_up castle |
| 14:38 | yecjoel · first_building Monastery |
| 14:54 | CTM | Crawly94 · first_building Siege Workshop |
| 15:46 | Heyfai · age_up castle |
| 15:50 | Heyfai · first_building Monastery |
| 15:57 | PocaChota · age_up castle |
| 16:08 | PocaChota · first_building Castle |
| 16:22 | Cowboy · first_market_buy 100 stone |
| 16:30 | PocaChota · first_building Siege Workshop |
| 16:35 | yecjoel · first_building Barracks |
| 17:02 | PocaChota · wall_segment Stone Wall x6 |
| 17:35 | MaanWolf5134 · first_market_buy 100 stone |
| 17:55 | yecjoel · first_building Stable |
| 18:09 | CTM | Crawly94 · first_building Barracks |
| 18:26 | CTM | Crawly94 · first_market_buy 100 food |
| 18:49 | uribeparacohp · wall_segment Palisade Wall x1 |
| 18:50 | uribeparacohp · wall_segment Palisade Wall x1 |
| 18:53 | uribeparacohp · wall_segment Palisade Wall x1 |
| 18:59 | MaanWolf5134 · age_up castle |
| 19:01 | MaanWolf5134 · first_building Siege Workshop |
| 19:48 | Cowboy · first_building Monastery |
| 20:05 | EXILE | TurtleS3 · wall_segment Palisade Wall x1 |
| 20:17 | PocaChota · first_market_sell 100 wood |
| 20:19 | uribeparacohp · wall_segment Stone Wall x1 |
| 20:20 | PocaChota · first_market_buy 100 food |
| 21:00 | Cowboy · first_building Barracks |
| 21:26 | PocaChota · wall_segment Stone Wall x6 |
| 22:23 | Cowboy · first_building Archery Range |
| 22:44 | EXILE | TurtleS3 · first_building Siege Workshop |
| 23:07 | EXILE | TurtleS3 · first_building Barracks |
| 23:36 | MaanWolf5134 · first_market_sell 100 wood |
| 24:08 | EXILE | TurtleS3 · first_market_sell 100 food |
| 24:16 | Cowboy · first_market_sell 100 food |
| 24:55 | CTM | Crawly94 · resign |
| 25:16 | Cowboy · first_building Stable |
| 25:28 | EXILE | TurtleS3 · first_building Monastery |
| 26:12 | uribeparacohp · age_up castle |
| 26:13 | uribeparacohp · first_market_buy 100 stone |
| 26:15 | PocaChota · wall_segment Stone Wall x7 |
| 26:52 | uribeparacohp · first_building Castle |
| 27:42 | Cowboy · age_up imperial |
| 28:00 | uribeparacohp · first_building Siege Workshop |
| 29:01 | uribeparacohp · wall_segment Stone Wall x1 |
| 29:03 | uribeparacohp · wall_segment Stone Wall x1 |
| 29:10 | Cowboy · first_building Castle |
| 29:12 | Heyfai · first_building Castle |
| 29:26 | Heyfai · age_up imperial |
| 29:37 | Heyfai · first_market_sell 500 food |
| 29:38 | Heyfai · first_market_buy 500 stone |
| 29:39 | uribeparacohp · first_market_sell 100 food |
| 30:24 | EXILE | TurtleS3 · age_up imperial |
| 30:59 | PocaChota · wall_segment Stone Wall x7 |
| 31:07 | PocaChota · wall_segment Stone Wall x3 |
| 31:09 | Cowboy · first_building Siege Workshop |
| 31:12 | PocaChota · wall_segment Stone Wall x2 |
| 31:24 | PocaChota · wall_segment Stone Wall x18 |
| 32:25 | yecjoel · age_up imperial |
| 32:30 | EXILE | TurtleS3 · first_building Castle |
| 33:10 | EXILE | TurtleS3 · first_building Archery Range |
| 33:52 | PocaChota · wall_segment Stone Wall x10 |
| 34:06 | EXILE | TurtleS3 · first_market_buy 100 wood |
| 34:25 | PocaChota · wall_segment Stone Wall x6 |
| 34:38 | PocaChota · wall_segment Stone Wall x3 |
| 34:42 | PocaChota · wall_segment Stone Wall x7 |
| 34:55 | yecjoel · first_building Siege Workshop |
| 35:31 | yecjoel · first_market_sell 100 wood |
| 36:25 | Heyfai · tribute_sent a jugador 1 |
| 36:25 | Heyfai · tribute_sent a jugador 2 |
| 36:25 | Heyfai · tribute_sent a jugador 3 |
| 36:25 | Heyfai · tribute_sent a jugador 4 |
| 36:25 | Heyfai · tribute_sent a jugador 5 |
| 36:25 | Heyfai · tribute_sent a jugador 6 |
| 36:25 | Heyfai · tribute_sent a jugador 7 |
| 36:37 | uribeparacohp · first_building Barracks |
| 37:28 | MaanWolf5134 · first_building Castle |
| 37:53 | PocaChota · first_building Barracks |
| 38:06 | yecjoel · first_building Castle |
| 38:29 | uribeparacohp · age_up imperial |
| 39:06 | PocaChota · wall_segment Stone Wall x12 |
| 39:34 | yecjoel · first_building Archery Range |
| 40:13 | PocaChota · wall_segment Stone Wall x2 |
| 40:35 | PocaChota · age_up imperial |
| 40:48 | Heyfai · tribute_sent a jugador 1 |
| 40:48 | Heyfai · tribute_sent a jugador 2 |
| 40:48 | Heyfai · tribute_sent a jugador 3 |
| 40:48 | Heyfai · tribute_sent a jugador 4 |
| 40:48 | Heyfai · tribute_sent a jugador 5 |
| 40:48 | Heyfai · tribute_sent a jugador 6 |
| 40:48 | Heyfai · tribute_sent a jugador 7 |
| 41:04 | Heyfai · tribute_sent a jugador 1 |
| 41:04 | Heyfai · tribute_sent a jugador 2 |
| 41:04 | Heyfai · tribute_sent a jugador 3 |
| 41:04 | Heyfai · tribute_sent a jugador 4 |
| 41:04 | Heyfai · tribute_sent a jugador 5 |
| 41:04 | Heyfai · tribute_sent a jugador 6 |
| 41:04 | Heyfai · tribute_sent a jugador 7 |
| 41:19 | PocaChota · first_building Archery Range |
| 42:17 | MaanWolf5134 · age_up imperial |
[ AI ANALYSIS · 1 CREDIT ]
What really happened in this match?
Wolo.gg analyzes every decision: build order, eco, micro, common mistakes by bracket. Personalized analysis on WhatsApp or Discord in 30 seconds.
Civ guide
Bengalis
Perfil
CTM | Crawly94